 Dungeon Crawl Stone Soup version 0.26-a0-1126-g3318b609a0 (webtiles) character file.

Game seed: 5463871768411438814

501 kae the Insei (level 6, -11/51 HPs)
             Began as a Demonspawn Monk on Dec 17, 2020.
             Was a Believer of Makhleb.
             Blown up by a centaur (30 damage)
             ... with a disintegration bolt
             ... on level 6 of the Dungeon.
             The game lasted 00:03:08 (4300 turns).

kae the Insei (Demonspawn Monk)                     Turns: 4300, Time: 00:03:09

Health: -11/51     AC: 14    Str: 13    XL:     6   Next: 95%
Magic:  6/6        EV:  9    Int: 12    God:    Makhleb [**....]
Gold:   247        SH:  0    Dex: 15    Spells: 5/5 levels left

rFire    + + .     SeeInvis .     - Unarmed
rCold    x . .     Faith    .   (no shield)
rNeg     + . .     Spirit   .   m - +0 fire dragon scales
rPois    .         Reflect  .   (helmet restricted)
rElec    .         Harm     .   (no cloak)
rCorr    .         Rampage  .   (no gloves)
Will     .....                  (no boots)
Stlth    ..........             (no amulet)
HPRegen  0.17/turn              g - ring of positive energy
MPRegen  0.10/turn              (no ring)

@: sanguine armour
A: horns 1, sanguine armour 1
a: Renounce Religion, Minor Destruction


You were on level 6 of the Dungeon.
You worshipped Makhleb.
Makhleb was pleased with you.
You visited 2 branches of the dungeon, and saw 7 of its levels.

You collected 247 gold pieces.

Inventory:

Armour
 a - a +0 robe
 m - +0 fire dragon scales (worn)
Jewellery
 f - a cursed amulet of inaccuracy
 g - a ring of positive energy (left hand)
 n - a +6 ring of intelligence {unknown}
Wands
 p - a wand of acid (4)
Scrolls
 b - 2 scrolls of amnesia
 e - a scroll of fear
 l - a scroll of remove curse
 o - a scroll of blinking
 s - a scroll of teleportation
Potions
 c - a potion of ambrosia
 d - 2 potions of resistance
 h - 2 potions of curing
 i - 2 potions of lignification
 j - 4 potions of heal wounds {unknown}
 k - 2 potions of berserk rage
 q - a potion of invisibility {unknown}
 r - a potion of flight
 t - a potion of degeneration


   Skills:
 + Level 5.0 Fighting
 - Level 3.0 Dodging
 - Level 1.7 Stealth
 * Level 6.0 Unarmed Combat


You had 5 spell levels left.
You didn't know any spells.
Your spell library contained the following spells:

 Spells                   Type           Power        Failure   Level
 Beastly Appendage        Tmut           0%           93%         1
 Wereblood                Tmut           0%           98%         2
 Spider Form              Tmut/Pois      0%           100%        3
 Ice Form                 Ice/Tmut       0%           100%        4
 Blade Hands              Tmut           0%           100%        5


Dungeon Overview and Level Annotations

Branches:
Dungeon (5/15)             Temple (1/1) D:5

Altars:
Cheibriados
Makhleb
Qazlal
Vehumet
Zin
The Shining One


Innate Abilities, Weirdness & Mutations

You have a pair of small horns on your head.
When seriously injured, your bleeding wounds create armour. (AC +6)


Message History

The centaur is moderately wounded.
The centaur zaps a wand.
You are blasted!
Your blood congeals into armour.
You are too injured to fight recklessly!
You are too injured to fight recklessly!
You are too injured to fight recklessly!
You are too injured to fight recklessly!
You are too injured to fight recklessly!
You are too injured to fight recklessly!
You hit the centaur. Your headbutt misses the centaur.
The centaur is heavily wounded.
The centaur unwields a +0 shortbow.
The centaur barely misses you.
You hit the centaur but do no damage.
The centaur is heavily wounded.
The centaur hits you but does no damage.
You hit the centaur. You headbutt the centaur.
The centaur is almost dead.
The centaur hits you but does no damage.
The centaur zaps a wand.
You are blasted!
Ouch! That really hurt!
You die...

#........# #.# #.# #.##.###.# #.#
#(# #.##.# #.# ##'## ##.###
#.##.# #.# ##...## #....#
#.##.###.# ##.....## ##..#.#
#.##..##.###.......##
##.....######......#.##........[#
................c.....'.....<...'
.#...>.##≈≈≈##.#@..####.........#
....≈≈≈≈≈≈####.#..## ##.......##
##≈≈≈≈..≈.# #.#(.# ##.....##
#≈≈≈#.###.# #.#(.# ##...##
#.≈...# #.# #.(..# ##'##
#..######.######.##### #.#
#.........##.........# #.#####
#.##########.###.###.# ##......
#.# #.# #.# #.# ##...####


You could see a centaur.

Vanquished Creatures
  Duvessa (D:4)
  An ogre (D:5)
  Dowan (D:4)
  A hound (D:5)
  A bullfrog skeleton (D:4)
  An orc priest (D:3)
  A worker ant (D:6)
  A worker ant zombie (D:5)
  4 adders
  A white imp (D:6)
  2 ufetubi
  An ooze (D:3)
  An adder zombie (D:5)
  2 worms
  A leopard gecko (D:2)
  5 orcs
  2 giant cockroaches
  10 goblins
  6 hobgoblins
  A quokka (D:3)
  A ball python (D:3)
  9 bats
  3 frilled lizards
  9 kobolds
  A leopard gecko skeleton (D:6)
  5 rats
72 creatures vanquished.

Notes
Turn   | Place    | Note
-------+----------+-------------------------------------------
     0 | D:1      | kae the Demonspawn Monk began the quest for the Orb.
     0 | D:1      | Reached XP level 1. HP: 18/18 MP: 1/1
   247 | D:1      | Reached skill level 3 in Unarmed Combat
   267 | D:1      | Gained mutation: You have a pair of small horns on your
                  | head. [demonic ancestry]
   267 | D:1      | Reached XP level 2. HP: 24/24 MP: 2/2
  1046 | D:2      | Reached XP level 3. HP: 29/29 MP: 3/3
  1271 | D:2      | Found a radiant altar of Vehumet.
  1808 | D:3      | Found a snail-covered altar of Cheibriados.
  2025 | D:3      | Reached XP level 4. HP: 29/36 MP: 4/4
  2180 | D:3      | Reached skill level 4 in Unarmed Combat
  2404 | D:3      | Gained mutation: When seriously injured, your bleeding
                  | wounds create armour. (AC +6) [demonic ancestry]
  2404 | D:3      | Reached XP level 5. HP: 17/42 MP: 5/5
  2874 | D:4      | Noticed Dowan
  2874 | D:4      | Noticed Duvessa
  2898 | D:4      | Killed Duvessa
  2899 | D:4      | Reached skill level 5 in Unarmed Combat
  2922 | D:4      | Killed Dowan
  2923 | D:4      | Reached XP level 6. HP: 7/49 MP: 6/6
  3479 | D:5      | Entered Level 5 of the Dungeon
  3483 | D:5      | Found a staircase to the Ecumenical Temple.
  3534 | Temple   | Entered the Ecumenical Temple
  3544 | Temple   | Became a worshipper of Makhleb the Destroyer
  3544 | Temple   | Reached * piety under Makhleb
  3544 | Temple   | Reached ** piety under Makhleb
  3828 | D:5      | You fall into a shaft and drop 1 floor!
  4046 | D:6      | Reached skill level 5 in Fighting
  4065 | D:6      | Reached skill level 6 in Unarmed Combat
  4300 | D:6      | Blown up by a centaur

Illustrated notes

Levels and vault maps discovered:
D:1:      nzn_arrival_depleted_hourglass, layout_basic
D:2:      layout_basic, overflow_temple_1_default, kennysheep_cross_bottleneck,
          ebering_dispersal_statue_hall
D:3:      layout_loops_ring, lemuel_crystal_altar
D:4:      layout_rooms, uniq_duvessa
D:5:      layout_loops_ring, gammafunk_temple_overflow_statue,
          minmay_temple_entry_statues_fountains
D:6:      layout_loops_corners, kennysheep_mini_moat,
          minmay_overflow_temple_hex, chequers_jeans,
          chequers_serial_rivers_small_a
Temple:   compressed_dpeg_triangle_lava_temple

Skill      XL: |  1  2  3  4  5  6 |
---------------+-------------------+-----
Unarmed Combat | 3 4 5 6 |  6.0
Dodging        | 3 |  3.0
Fighting       | 4 5 |  5.0
Stealth        | |  1.7

Action                   |  1- 3 |  4- 6 || total
-------------------------+-------+-------++-------
Melee: Unarmed           |   146 |   135 ||   281
       Headbutt          |    18 |    31 ||    49
       Punch             |       |     5 ||     5
  Use: Scroll            |     5 |    11 ||    16
       Potion            |       |     3 ||     3
 Stab: Sleeping          |     2 |       ||     2
Armor: Robe              |    15 |       ||    15
       Fire dragon scale |    27 |    55 ||    82
Dodge: Dodged            |    87 |    61 ||   148

Table legend: (Time is in decaauts)
 A = Elapsed time spent in this place.
 B = Non-inter-level travel time spent in this place.
 C = Inter-level travel time spent in this place.
 D = Time resting spent in this place.
 E = Time spent auto-exploring this place.
 F = Levels seen in this place.
 G = Mean time per level.
                   A        B        C        D        E       F      G
               +--------+--------+--------+--------+--------+-----+--------+
         Total |   4262 |   4137 |    125 |    161 |   3397 |   7 |  608.9 |
       Dungeon |   4241 |   4126 |    115 |    161 |   3394 |   6 |  706.8 |
        Temple |     20 |     11 |      9 |      0 |      3 |   1 |   20.0 |
               +--------+--------+--------+--------+--------+-----+--------+

Top non-repeatable levels by time:
     D:3: 1023 daAuts
     D:1: 930 daAuts
     D:2: 855 daAuts
     D:4: 636 daAuts
     D:6: 470 daAuts
     D:5: 325 daAuts
  Temple: 20 daAuts
